 Dungeon Crawl Stone Soup version 0.28-a0-726-g4a9143789a (webtiles) character file.

Game seed: 3486322831157146226

525 rogsnak the Magician (level 7, -3/36 HPs)
             Began as a Deep Elf Air Elementalist on Oct 28, 2021.
             Slain by a water moccasin (5 damage)
             ... on level 6 of the Dungeon.
             The game lasted 00:10:20 (4976 turns).

rogsnak the Magician (Deep Elf Air Elementalist)    Turns: 4976, Time: 00:10:21

Health: -3/36      AC: 10    Str:  5    XL:     7   Next: 2%
Magic:  9/17       EV: 13    Int: 22    God:
Gold:   168        SH:  0    Dex: 15    Spells: 6/17 levels left

rFire   . . .      SeeInvis .   o - +1 mace (protect)
rCold   . . .      Faith    .   (no shield)
rNeg    . . .      Spirit   .   a - +1 robe
rPois   .          Reflect  .   (no helmet)
rElec   .          Harm     .   (no cloak)
rCorr   .          Rampage  .   (no gloves)
Will    .....                   (no boots)
Stlth   ++........              (no amulet)
HPRegen 0.12/turn               (no ring)
MPRegen 0.15/turn               (no ring)

@: sluggish, under a protective aura, very slow
A: no striking features
a: no special abilities


You were on level 6 of the Dungeon.
You visited 1 branch of the dungeon, and saw 5 of its levels.

You collected 168 gold pieces.

Inventory:

Hand Weapons
 c - a +0 short sword
 n - a +1 dagger of venom
 o - a +1 mace of protection (weapon)
Missiles
 h - 34 stones
 q - 25 poisoned darts
Armour
 a - a +1 robe (worn)
Magical Staves
 s - a staff of fire
Jewellery
 t - a ring of wizardry
Scrolls
 b - a scroll of silence
 e - a scroll of magic mapping
 k - a scroll of acquirement
 m - a scroll of identify
Potions
 i - a potion of might {unknown}
 p - a potion of degeneration {unknown}
 r - 2 potions of mutation {unknown}


   Skills:
 + Level 2.8 Dodging
 + Level 2.9 Stealth
 + Level 5.5 Spellcasting
 * Level 5.3 Conjurations
 + Level 4.8 Air Magic


You had 6 spell levels left.
You knew the following spells:

 Your Spells              Type           Power      Damage    Failure   Level
a - Shock                 Conj/Air       100%       1d9       1%          1
b - Swiftness             Air            27%        N/A       3%          3
c - Airstrike             Air            13%        N/A       13%         4
d - Mephitic Cloud        Conj/Pois/Air  21%        N/A       7%          3

Your spell library contained the following spells:

 Spells                   Type           Power      Damage    Failure   Level
 Static Discharge         Conj/Air       28%        N/A       1%          2
 Ignite Poison            Fire/Tmut/Pois 6%         N/A       28%         3
 Freezing Cloud           Conj/Ice/Air   10%        6-21      54%         5


Dungeon Overview and Level Annotations

Branches:
Dungeon (4/15)
 Temple: D:4-7

Altars:
Okawaru
Vehumet
Zin


Message History

Unknown command.
It was a potion of curing.
You feel better. The killer bee zombie hits you.
* * * LOW HITPOINT WARNING * * *
Unknown command.
Okay, then.
You sock the water moccasin!
Your weapon exudes an aura of protection.
The water moccasin is moderately wounded.
The killer bee zombie barely misses you.
The water moccasin bites you but does no damage.
The killer bee zombie misses you. The water moccasin misses you.
You hit the water moccasin.
The water moccasin is heavily wounded.
The killer bee zombie closely misses you.
The water moccasin closely misses you.
The killer bee zombie barely misses you.
The water moccasin completely misses you.
The killer bee zombie hits you.
* * * LOW HITPOINT WARNING * * *
You barely miss the water moccasin.
The water moccasin is heavily wounded.
The killer bee zombie hits you.
* * * LOW HITPOINT WARNING * * *
The water moccasin bites you.
* * * LOW HITPOINT WARNING * * *
The killer bee zombie hits you but does no damage.
The water moccasin bites you but does no damage.
You hit the phantom.
Flame seeps out of the phantom.
The phantom is lightly damaged.
You feel sluggish.
The water moccasin closely misses you. x2
Unknown command.
You closely miss the phantom.
The phantom is lightly damaged.
The water moccasin bites you.
* * * LOW HITPOINT WARNING * * *
The phantom is engulfed in blazing flames.
Flame seeps out of the phantom.
The phantom closely misses you. The water moccasin bites you.
You die...

##### ##...## ##.....## ###
#.<.....# #.# #.W§....# ***** #)#
#.......# *,,,* §.# ##.....##
*,,,* #####.......#########...*
..............ZW@Sooo?..*
...##.......########o...* ******
...#.......### **,,,.* *,,,,,
...#.........#* ***,,**** *,,,,,
...#.......#..***,,,********,,,,,
..###.....##*.**,,**,,,,,,,,,,,,<
..##.......#*,**,,,,,***,,**,,,,,
..##..........,,,****,,,,***,,,,,
..##..........,,,,,,,,******,,,,,


You could see an orc warrior, a phantom (inner flame), a water moccasin, 3 orcs
and a killer bee zombie (inner flame).

Vanquished Creatures
  A centaur (D:6)
  A bullfrog (D:4)
  A scorpion (D:6)
  A hound (D:4)
  A jelly (D:6)
  2 orc wizards
  An adder (D:3)
  8 gnolls
  A howler monkey skeleton (D:4)
  2 ufetubi
  An adder skeleton (D:4)
  A worm (D:3)
  A dart slug (D:1)
  14 orcs
  6 ball pythons
  4 bats
  2 endoplasms
  4 giant cockroaches
  5 goblins
  4 hobgoblins
  5 jackals
  7 kobolds
  5 quokkas
  3 frilled lizards
  3 rats
84 creatures vanquished.

Notes
Turn   | Place    | Note
-------+----------+-------------------------------------------
     0 | D:1      | rogsnak the Deep Elf Air Elementalist began the quest for
                  | the Orb.
     0 | D:1      | Reached XP level 1. HP: 10/10 MP: 6/6
   460 | D:1      | Reached XP level 2. HP: 15/15 MP: 2/8
   571 | D:1      | Found a faded altar of an unknown god.
  1436 | D:2      | Reached XP level 3. HP: 19/19 MP: 1/9
  1549 | D:2      | Found a glowing silver altar of Zin.
  1861 | D:2      | Learned a level 3 spell: Swiftness
  2265 | D:3      | Reached XP level 4. HP: 24/24 MP: 4/11
  3755 | D:4      | Found a radiant altar of Vehumet.
  3755 | D:4      | Found an iron altar of Okawaru.
  3829 | D:4      | Reached XP level 5. HP: 28/28 MP: 6/13
  4014 | D:4      | Learned a level 4 spell: Airstrike
  4459 | D:4      | Reached XP level 6. HP: 25/32 MP: 9/15
  4715 | D:4      | Learned a level 3 spell: Mephitic Cloud
  4719 | D:4      | You fall into a shaft and drop 2 floors!
  4770 | D:6      | Reached skill level 5 in Spellcasting
  4791 | D:6      | Reached skill level 5 in Conjurations
  4919 | D:6      | Reached XP level 7. HP: 26/36 MP: 4/17
  4970 | D:6      | Identified a scroll of acquirement
  4976 | D:6      | Slain by a water moccasin

Illustrated notes

Levels and vault maps discovered:
D:1:      heliophobic_arrival_glass_houses, layout_loops_corners,
          chequers_ecumenical_altar_twisty, roderic_lattice_a
D:2:      layout_basic, basic_altar, st_stairs_7
D:3:      layout_basic
D:4:      layout_loops_cross, jmf_multi_god_temple
D:6:      layout_rooms, minitemple

Skill      XL: |  1  2  3  4  5  6 |
---------------+-------------------+-----
Conjurations   | 2 3 4 5 |  5.3
Air Magic      | 4 |  4.8
Spellcasting   | 4 5 |  5.5
Dodging        | |  2.8
Stealth        | |  2.9

Action                   |  1- 3 |  4- 6 |  7- 9 || total
-------------------------+-------+-------+-------++-------
Melee: Dagger            |       |     6 |       ||     6
       Mace              |       |       |    12 ||    12
 Cast: Shock             |    76 |   111 |     1 ||   188
       Airstrike         |       |     3 |       ||     3
       Swiftness         |       |       |     1 ||     1
  Use: Scroll            |       |     2 |     4 ||     6
       Potion            |       |       |     1 ||     1
Armor: Robe              |     4 |       |     5 ||     9
Dodge: Dodged            |     4 |    20 |    18 ||    42

Table legend: (Time is in decaauts)
 A = Elapsed time spent in this place.
 B = Non-inter-level travel time spent in this place.
 C = Inter-level travel time spent in this place.
 D = Time resting spent in this place.
 E = Time spent auto-exploring this place.
 F = Levels seen in this place.
 G = Mean time per level.
                   A        B        C        D        E       F      G
               +--------+--------+--------+--------+--------+-----+--------+
         Total |   4977 |   4907 |     70 |   1226 |   3070 |   5 |  995.4 |
       Dungeon |   4977 |   4907 |     70 |   1226 |   3070 |   5 |  995.4 |
               +--------+--------+--------+--------+--------+-----+--------+

Top non-repeatable levels by time:
     D:1: 1425 daAuts
     D:3: 1384 daAuts
     D:4: 1097 daAuts
     D:2: 810 daAuts
     D:6: 259 daAuts
